 Dungeon Crawl Stone Soup version 0.28-a0-43-g560ac104fe (webtiles) character file.

Game seed: 14575019722798905279

475 Sobieck the Zephyrmancer (level 7, -7/36 HPs)
             Began as a Tengu Air Elementalist on July 28, 2021.
             Mangled by a gnoll (18 damage)
             ... on level 6 of the Dungeon.
             The game lasted 00:11:40 (4901 turns).

Sobieck the Zephyrmancer (Tengu Air Elementalist)   Turns: 4901, Time: 00:11:41

Health: -7/36      AC:  2    Str:  8    XL:     7   Next: 10%
Magic:  3/11       EV: 14    Int: 18    God:
Gold:   181        SH:  0    Dex: 14    Spells: 3/10 levels left

rFire   . . .      SeeInvis .   o - +3 falchion (holy) {long}
rCold   . . .      Faith    .   (no shield)
rNeg    . . .      Spirit   .   a - +0 robe
rPois   .          Reflect  .   (helmet restricted)
rElec   .          Harm     .   (no cloak)
rCorr   .          Rampage  .   (no gloves)
Will    +....                   (boots unavailable)
Stlth   ++........              (no amulet)
HPRegen 0.12/turn               k - ring of willpower
MPRegen 0.12/turn               (no ring)

@: flying quickly and evasively, quick
A: beak, talons 3, nimble flight
a: no special abilities


You were on level 6 of the Dungeon.
You visited 1 branch of the dungeon, and saw 7 of its levels.

You collected 181 gold pieces.


Innate Abilities, Weirdness & Mutations

You have a beak for a mouth.
You have claws for feet.
Your magical nature lets you fly swiftly and evasively.


   Skills:
 - Level 2.1 Dodging
 - Level 2.0 Stealth
 - Level 2.0 Spellcasting
 - Level 5.0 Conjurations
 + Level 9.0 Air Magic


You had 3 spell levels left.
You knew the following spells:

 Your Spells              Type           Power      Damage    Failure   Level
a - Shock                 Conj/Air       100%       1d9       1%          1
b - Airstrike             Air            17%        N/A       4%          4
c - Static Discharge      Conj/Air       27%        N/A       1%          2

Your spell library contained the following spells:

 Spells                   Type           Power      Damage    Failure   Level
 Swiftness                Air            34%        N/A       1%          3

Inventory:

Hand Weapons
 b - a +0 dagger {short}
   (You took it off a kobold on level 1 of the Dungeon)
 d - a +0 club {mace}
   (You took it off a goblin on level 1 of the Dungeon)
 e - a +0 dagger {short}
   (You took it off a kobold on level 1 of the Dungeon)
 o - a +3 falchion of holy wrath (weapon) {long}
   (You found it on level 3 of the Dungeon)
Missiles
 c - 57 stones {throwing}
 f - 56 bolts
 l - 18 poisoned darts {throwing}
 r - 93 arrows
 t - 21 sling bullets
 v - 8 javelins {throwing}
Armour
 a - a +0 robe (worn)
Jewellery
 k - a ring of willpower (left hand)
   (You found it on level 2 of the Dungeon)
Potions
 g - 2 potions of mutation {!q}
 h - a potion of invisibility
 i - a potion of curing {@q1}
 j - a potion of berserk rage {unknown}
 q - a potion of cancellation
 s - a potion of heal wounds {unknown}

Dungeon Overview and Level Annotations

Branches:
Dungeon (7/15)
 Temple: D:4-7

Altars:

Shops:
D:2 *[ D:5

( #####
###......
#@)g.....
#)#...)..
#g# .....
#.. ....
..# #.#
... . ...
....


You could see 2 gnolls.


Message History

You lost 2 mp, and now have 3/10 mp.
Casting: Static Discharge (safe; 1% risk of failure)
Confirm with . or Enter, or press ? or * to list all spells.
The scorpion is struck by an arc of lightning!
You are struck by an arc of lightning.
The lightning grounds out.
You feel very sick.
The scorpion barely misses you. 😮 HP[-4] MP[-2]
You take 4 damage, and now have 19/32 hp.
You lost 2 mp, and now have 1/10 mp.
Unknown command.
You feel sick. The scorpion closely misses you.
You riposte.
You hit the scorpion.
You kill the scorpion!
Your Air Magic skill increases to level 9!
You have reached level 7! 😮 HP[+1]
You now have 36 max hp (+4).
You feel better. 😕 HP[+9] MP[+1]
You regained 9 hp, and now have 29/36 hp.
Unknown command.
(D) Dungeon
Where to? (Enter - D:5, ? - help)
There is a stone staircase leading up here.
You fly upwards.
There is a stone staircase leading down here. 😕 HP[+1]
You start resting. 😎 HP[+6] MP[+6]
Your hp is fully restored (36).
You regained 6 mp, and now have 8/11 mp.
You start resting. 😎 MP[+3]
Your mp is fully restored (11).
You fly downwards.
There is a stone staircase leading up here.
Found an escape hatch in the floor.
r - 93 arrows (gained 25)
You are sucked into a shaft and drop 2 floors!
The shaft crumbles and collapses.
You aren't carrying any scrolls.
Unknown command.
A scorpion comes into view.
Found a stone staircase leading up.
An orc comes into view. It is wielding a +0 mace.
There is a stone staircase leading up here.
The orc shouts!
You hear a shout!
You fly upwards.
You hear the sound of rushing water.
There is an entrance to a sewer on this level.
Hurry and find it before the portal rusts away!
You hear the slow rusting of a very distant drain. 4 gnolls come into view.
A gnoll is wielding a +1 vampiric halberd.
The gnoll shouts! x2
There is a stone staircase leading down here.
Casting: Static Discharge (safe; 1% risk of failure)
Confirm with . or Enter, or press ? or * to list all spells.
The gnoll is struck by an arc of lightning!
The gnoll shouts!
You are struck by an arc of lightning.
The lightning grounds out.
The gnoll hits you from afar with a +1 vampiric halberd. 😕 HP[-6] MP[-2]
You take 6 damage, and now have 30/36 hp.
You lost 2 mp, and now have 9/11 mp.
Casting: Static Discharge (safe; 1% risk of failure)
Confirm with . or Enter, or press ? or * to list all spells.
The gnoll is struck by an arc of lightning!
You kill the gnoll!
The gnoll is struck by an arc of lightning.
The gnoll hits you from afar with a +1 vampiric halberd!
The gnoll draws strength from your wounds! 😮 HP[-9] MP[-2]
You take 9 damage, and now have 21/36 hp.
MASSIVE DAMAGE!! (PAUSE)
You lost 2 mp, and now have 7/11 mp.
Casting: Static Discharge (safe; 1% risk of failure)
Confirm with . or Enter, or press ? or * to list all spells.
The gnoll is struck by an arc of lightning.
The gnoll is struck by an arc of lightning!
The lightning grounds out.
The gnoll hits you from afar with a +1 vampiric halberd!
* * * LOW HITPOINT WARNING * * *
The gnoll barely misses you. 😨 HP[-10] MP[-2]
You take 10 damage, and now have 11/36 hp.
MASSIVE DAMAGE!! (PAUSE)
You lost 2 mp, and now have 5/11 mp.
Casting: Static Discharge (safe; 1% risk of failure)
Confirm with . or Enter, or press ? or * to list all spells.
Okay, then.
Unknown command.
Casting: Static Discharge (safe; 1% risk of failure)
Confirm with . or Enter, or press ? or * to list all spells.
The gnoll is struck by an arc of lightning!
You kill the gnoll!
The lightning grounds out.
The gnoll hits you from afar with a +1 vampiric halberd!!
Ouch! That really hurt!
You die...

Skill      XL: |  1  2  3  4  5  6 |
---------------+-------------------+-----
Conjurations   | 2 3 5 |  5.0
Air Magic      | 5 7 9 |  9.0
Dodging        | |  2.1
Stealth        | |  2.0
Spellcasting   | |  2.0

Action                   |  1- 3 |  4- 6 |  7- 9 || total
-------------------------+-------+-------+-------++-------
 Cast: Shock             |    72 |   137 |       ||   209
       Static Discharge  |       |     8 |     4 ||    12
  Use: Scroll            |       |     9 |       ||     9
       Potion            |       |       |     1 ||     1
Armor: Robe              |     3 |     2 |       ||     5
Dodge: Dodged            |    10 |    17 |     1 ||    28
       Rpst.: Falchion   |       |     1 |       ||     1

Levels and vault maps discovered:
D:1:      co_arrival_random_square_maze, layout_basic, kennysheep_doodads
D:2:      layout_loops_ring, shapermc_ecumenical_altar_hornbeckon, serial_shops,
          nicolae_square_shop, shop
D:3:      minmay_octagon_keep, layout_loops_ring, minivault_26,
          hangedman_decor_peaks_small
D:4:      layout_rooms, nrook_campfire
D:5:      layout_rooms, serial_shops, nicolae_stop_n_shop_2, minmay_bent,
          uniq_crazy_yiuf_cottage
D:6:      layout_basic, portal_sewer_entry_d, serial_shops,
          nicolae_diamond_shop, nicolae_shop_competitors_out_of_business,
          nicolae_take_the_stairs, nicolae_shop_waterfront, kennysheep_mini,
          uniq_maggie
D:7:      layout_loops_ring, minmay_temple_entry_glass, serial_shops,
          nicolae_shop_window_shopping, amcnicky_mini_pool_medium

Notes
Turn   | Place    | Note
-------+----------+-------------------------------------------
     0 | D:1      | Sobieck the Tengu Air Elementalist began the quest for the
                  | Orb.
     0 | D:1      | Reached XP level 1. HP: 10/10 MP: 4/4
     0 | D:1      | magus.rc [v1.9.6]
    76 | D:1      | Reached skill level 2 in Conjurations
   320 | D:1      | Reached XP level 2. HP: 15/15 MP: 1/6
   392 | D:1      | Reached skill level 3 in Conjurations
   863 | D:1      | Reached XP level 3. HP: 19/19 MP: 4/7
  1176 | D:1      | Reached skill level 4 in Conjurations
  1670 | D:2      | Found Mixijak's Armour Shop.
  1684 | D:2      | Reached skill level 5 in Conjurations
  1684 | D:2      | Reached XP level 4. HP: 24/24 MP: 4/8
  1731 | D:2      | Learned a level 4 spell: Airstrike
  1734 | D:2      | Learned a level 2 spell: Static Discharge
  1764 | D:2      | Found Caugoamn's Assorted Antiques.
  2226 | D:2      | Reached skill level 5 in Air Magic
  2550 | D:2      | Found a faded altar of an unknown god.
  2587 | D:3      | Gained mutation: Your magical nature lets you fly swiftly
                  | and evasively. [Tengu growth]
  2587 | D:3      | Reached XP level 5. HP: 28/28 MP: 5/9
  2715 | D:3      | Reached skill level 6 in Air Magic
  3716 | D:3      | Identified the +8 arbalest of Bamoneowk {freeze, rPois rF+
                  | Int-2 Stlth+}
  3871 | D:4      | Reached skill level 7 in Air Magic
  3871 | D:4      | Reached XP level 6. HP: 32/32 MP: 6/10
  4098 | D:4      | Reached skill level 8 in Air Magic
  4683 | D:5      | Entered Level 5 of the Dungeon
  4683 | D:5      | Found Icsist Xoefi's Antique Weapon Emporium.
  4792 | D:5      | Reached skill level 9 in Air Magic
  4792 | D:5      | Reached XP level 7. HP: 20/36 MP: 1/11
  4888 | D:5      | You are sucked into a shaft and drop 2 floors!
  4901 | D:6      | Mangled by a gnoll

Vanquished Creatures
  A scorpion (D:5)
  3 wights (D:4)
  A bullfrog skeleton (D:5)
  An iguana (D:4)
  8 gnolls
  7 adders
  An adder skeleton (D:3)
  2 worms
  4 dart slugs
  8 orcs
  6 endoplasms
  4 giant cockroaches
  6 goblins
  7 hobgoblins
  3 quokkas
  8 ball pythons
  9 bats
  6 frilled lizards
  9 kobolds
  4 rats
98 creatures vanquished.

Vanquished Creatures (others)
  A fungus (D:2)
1 creature vanquished.

Grand Total: 99 creatures vanquished

Table legend:
 A = Non-vault XP
 B = Vault XP
 C = Vault XP percentage of total XP
 D = Non-vault monster count
 E = Vault monster count
 F = Vault count percentage of total count
                 A         B        C        D         E       F
            +---------+---------+-------+---------+---------+-------
      Total |     670 |      23 |   3.3 |      87 |      11 |  11.2
            +---------+---------+-------+---------+---------+-------
        D:1 |      43 |       0 |   0.0 |      26 |       0 |   0.0
        D:2 |     117 |       0 |   0.0 |      19 |       0 |   0.0
        D:3 |      94 |      23 |  19.7 |      21 |      11 |  34.4
        D:4 |     270 |       0 |   0.0 |      17 |       0 |   0.0
        D:5 |     118 |       0 |   0.0 |       2 |       0 |   0.0
        D:6 |      28 |       0 |   0.0 |       2 |       0 |   0.0
            +---------+---------+-------+---------+---------+-------

Illustrated notes

Table legend:
 A = Kills in this place as a percentage of kills in entire the game.
 B = Kills by you in this place as a percentage of kills by you in the entire game.
 C = Kills by friends in this place as a percentage of kills by friends in the entire game.
 D = Other kills in this place as a percentage of other kills in the entire game.
 E = Experience gained in this place as a percentage of experience gained in the entire game.
 F = Experience gained in this place divided by the number of levels of this place that you have seen.
                   A       B       C       D       E      F
               +-------+-------+-------+-------+-------+----------------------
         Total | 100.0 | 100.0 |   N/A |   N/A | 100.0 |  99.0
       Dungeon | 100.0 | 100.0 |   N/A |   N/A | 100.0 |  99.0
               +-------+-------+-------+-------+-------+----------------------

Table legend: (Time is in decaauts)
 A = Elapsed time spent in this place.
 B = Non-inter-level travel time spent in this place.
 C = Inter-level travel time spent in this place.
 D = Time resting spent in this place.
 E = Time spent auto-exploring this place.
 F = Levels seen in this place.
 G = Mean time per level.
                   A        B        C        D        E       F      G
               +--------+--------+--------+--------+--------+-----+--------+
         Total |   4801 |   4656 |    145 |    612 |   3494 |   7 |  685.9 |
       Dungeon |   4801 |   4656 |    145 |    612 |   3494 |   7 |  685.9 |
               +--------+--------+--------+--------+--------+-----+--------+

Top non-repeatable levels by time:
     D:1: 1371 daAuts
     D:2: 1308 daAuts
     D:3: 1105 daAuts
     D:4: 879 daAuts
     D:5: 121 daAuts
     D:7: 8 daAuts
     D:6: 6 daAuts
